 Dungeon Crawl Stone Soup version 0.26.0-10-g1f06aea511 (webtiles) character file.

Game seed: 11877167784156051033

287204 TwistedFlax the Slayer (level 20, -11/144 HPs)
             Began as a Gargoyle Berserker on Jan 13, 2021.
             Was the Champion of Trog.
             Killed by the air
             ... invoked by Sojobo
              (43 damage)
             ... on level 2 of the Vaults.
             The game lasted 01:01:19 (36055 turns).

TwistedFlax the Slayer (Gargoyle Berserker)        Turns: 36055, Time: 01:01:21

Health: -11/144    AC: 45    Str: 44    XL:     20   Next: 66%
Magic:  18/18      EV: 17    Int: 14    God:    Trog [******]
Gold:   898        SH: 21    Dex: 12    Spells: 19/19 levels left

rFire    . . .     SeeInvis +   a - +9 eveningstar (flame)
rCold    + . .     Faith    .   M - +0 kite shield {reflect}
rNeg     + . .     Spirit   .   L - +2 plate armour {rC+}
rPois    ∞         Reflect  +   c - +2 helmet
rElec    +         Harm     .   (no cloak)
rCorr    .         Rampage  .   I - +2 pair of gloves {Dex+3}
Will     +....                  V - +0 pair of boots
Stlth    ..........             R - amulet of Hioceewno {Reflect Str+4 SH+5}
HPRegen  0.34/turn              S - ring "Yrisi" {+Inv Str+6 Int+4 SInv Stlth-}
MPRegen  0.16/turn              l - +6 ring of strength

@: flying
A: big wings, low mp 1, negative energy resistance 1, electricity resistance,
unbreathing, petrification resistance, miasma immunity, AC +15
}: 2/15 runes: serpentine, barnacled
a: Stop Flying, Renounce Religion, Evoke Invisibility, Berserk, Trog's Hand,
Brothers in Arms


You were on level 2 of the Vaults.
You worshipped Trog.
Trog was exalted by your worship.
You visited 6 branches of the dungeon, and saw 33 of its levels.
You also visited: Ice Cave.

You collected 3146 gold pieces.
You spent 2248 gold pieces at shops.

Inventory:

Hand Weapons
 a - a +9 eveningstar of flaming (weapon)
 t - a +2 antimagic dire flail
 N - the +10 mace of Bucofoath {vorpal, +Fly rC+ rN+}
   (Trog gifted it to you on level 13 of the Dungeon)

   It inflicts extra damage upon your enemies.
   It protects you from cold.
   It protects you from negative energy.
   It lets you fly.
Armour
 c - a +2 helmet (worn)
 I - a +2 pair of gloves of dexterity (worn)
 L - a +2 plate armour of cold resistance (worn)
 M - a +0 kite shield of reflection (worn)
 V - a +0 pair of boots (worn)
Jewellery
 l - a +6 ring of strength (right hand)
 u - an uncursed ring of positive energy
 w - an uncursed ring of ice
 G - an uncursed ring of protection from cold
 R - the amulet of Hioceewno (around neck) {Reflect Str+4 SH+5}
   (You bought it in a shop on level 1 of the Snake Pit)

   [amulet of reflection]

   It shields you and reflects attacks.
   It affects your strength (+4).
   It affects your SH (+5).
 S - the ring "Yrisi" (left hand) {+Inv Str+6 Int+4 SInv Stlth-}
   (You bought it in a shop on level 2 of the Snake Pit)

   [ring of strength]

   It affects your strength (+6).
   It affects your intelligence (+4).
   It lets you see invisible.
   It lets you turn invisible.
   It makes you less stealthy.
 T - a +4 ring of protection
Wands
 p - a wand of disintegration (12)
 x - a wand of enslavement (17)
 y - a wand of random effects (44)
 C - a wand of digging (13)
 D - a wand of iceblast (14)
 E - a wand of flame (26)
 H - a wand of paralysis (14)
 P - a wand of acid (9)
 U - a wand of polymorph (2)
Scrolls
 d - 21 scrolls of remove curse
 i - 11 scrolls of teleportation
 o - 5 scrolls of blinking
 s - 15 scrolls of identify
 v - 5 scrolls of magic mapping
 z - a scroll of holy word
 A - 6 scrolls of fear
 B - 5 scrolls of fog
 J - 3 scrolls of summoning
 Q - a scroll of enchant weapon
 Y - 3 scrolls of brand weapon
Potions
 b - 4 potions of attraction
 e - 10 potions of curing
 f - 5 potions of might
 g - 3 potions of mutation
 h - 7 potions of brilliance
 j - 5 potions of haste
 k - a potion of cancellation
 m - 6 potions of flight
 n - 6 potions of invisibility
 q - a potion of ambrosia
 r - 6 potions of lignification
 F - a potion of resistance
 K - 6 potions of heal wounds
 O - a potion of magic
 W - a potion of berserk rage


   Skills:
 - Level 21.0 Fighting
 - Level 14.0 Maces & Flails
 * Level 19.5 Armour
 - Level 14.0 Dodging
 - Level 15.1 Shields


You had 19 spell levels left.
You didn't know any spells.
Your spell library was empty.

Dungeon Overview and Level Annotations

Branches:
Dungeon (15/15) Temple (0/1) D:7 Lair (6/6) D:9 Shoals (4/4) Lair:2 Snake (4/4) Lair:2 Slime (0/5) Lair:6 Orc (2/2) D:9 Elf (0/3) Orc:1 Orc:2 Vaults (2/5) D:14 Depths (0/5) D:15 IceCv (visited) Crypt: Vaults:2-3

Altars:
Ashenzari
Cheibriados
Fedhas
Gozag
Hepliaklqana
Ru
Sif Muna
Wu Jian
Beogh

Shops:
D:4 :   D:7 :   D:9 [   Orc:2 [:(*   Snake:1 ==}   Snake:2 =**   Snake:3 [!([

Portals:
Trove: D:10 (give 5 scrolls of blinking)

Annotations:
D:12 3 runed translucent doors, vvl's ghost, journeyman PaBe
D:14 2 transporters, Qymaymp's ghost, adept GrEE
Snake:2 3 runed translucent doors, exclusion: obsidian statue, Zonian's ghost, adept HOFi
Orc:2 3 runed translucent doors, XxsatanxX's ghost, journeyman MiBe
Vaults:2 Sojobo


Innate Abilities, Weirdness & Mutations

You are resistant to torment.
Your stone body is resilient. (AC +15)
You are immune to poison.
Your large and strong wings let you fly indefinitely.
You resist negative energy. (rN+)
You are resistant to electric shocks. (rElec)
You can survive without breathing.
You are immune to petrification.
You are immune to miasma.
Your magical capacity is low. (-10% MP)


Message History

The tengu reaver hits your stone giant with a +1 vorpal battleaxe!!!
The tengu reaver pecks your stone giant!
The tengu reaver claws your stone giant.
Your stone giant closely misses the tengu reaver.
You pound the two-headed ogre like an anvil!!!
You burn the two-headed ogre!
You kill the two-headed ogre!
Trog accepts your kill.
Your stone giant barely misses the tengu reaver.
The tengu reaver hits your stone giant with a +1 vorpal battleaxe!
The tengu reaver pecks your stone giant!
The tengu reaver claws your stone giant but does no damage.
Your stone giant hits the tengu reaver!
The tengu reaver dies!
Trog accepts your kill.
Trog appreciates your killing of a magic user.
The battlesphere dissipates.
Sojobo waves her feathered arms in wide circles.
The air twists around and violently strikes you in flight!!!
You die...

#..........#.....
#.....)....'.....
+.....)....#..###
#...<......#..#..
#..........#..#..
#..........#.....
#..........#..#..
##'##########..#..
#@.# ..# #..### #
#..##..# #.....
#..##).# #.....
#..##.C# ######
###.)##)☼# #. #.†#


Op# #. ..##. ##Qp #. #.. .. p.# #. ## ##. ## #. You could see Sojobo (repels
missiles), a vault guard, an ogre mage (fast, strong), 2 ironbrand convokers and
a friendly stone giant (summoned, berserk).

Vanquished Creatures
  Mara (Shoals:3)
  Vashnia (Snake:4)
  Nikola (Shoals:1)
  Asterion (Vaults:2)
  9 nagarajas
  Ilsuiw (Shoals:3)
  2 frost giants
  A vault warden (Vaults:1)
  An orc warlord (Orc:1)
  5 ironheart preservers
  A stone giant (Vaults:2)
  A deep elf annihilator (Vaults:1)
  A deep elf demonologist (Vaults:1)
  4 dire elephants (Lair:6)
  A merfolk javelineer (Shoals:3)
  8 merfolk impalers
  Snorg (Orc:2)
  An ettin (Orc:1)
  2 blizzard demons (IceCv)
  Josephine (D:11)
  2 ogre magi (Vaults:1)
  2 vault guards (Vaults:1)
  11 naga warriors
  5 boulder beetles
  A rakshasa (Vaults:2)
  2 ice dragons
  9 hydras
  5 centaur warriors
  2 merfolk avatars
  3 catoblepae
  8 anacondas
  8 two-headed ogres
  A satyr (Shoals:2)
  A merfolk aquamancer (Shoals:4)
  3 tengu warriors (D:15)
  19 naga sharpshooters
  5 shock serpents
  A deep elf knight (Vaults:2)
  A fire crab (Lair:6)
  18 sea snakes
  9 skeletal warriors
  4 unseen horrors
  A salamander mystic (Snake:3)
  8 naga ritualists
  A glowing orange brain (D:15)
  5 deep trolls (Vaults:1)
  Pikel (D:9)
  7 ironbrand convokers
  A lindwurm (Lair:6)
  A wizard (Vaults:2)
  9 orc knights
  6 harpies
  6 orc sorcerers
  A deep elf archer (Vaults:1)
  2 salamanders (shapeshifter)
  14 ugly things
  2 deep elf magi (Vaults:1)
  13 manticores
  8 fauns
  11 mana vipers
  9 salamanders
  8 cyclopes
  32 black mambas
  13 elephants
  14 naga magi
  9 merfolk sirens
  10 guardian serpents
  3 ice statues (IceCv)
  A water nymph (shapeshifter) (D:15)
  6 water nymphs
  7 vault sentinels (Vaults:1)
  3 gargoyles
  6 cane toads
  2 centaur skeletons (D:14)
  A rime drake (shapeshifter) (D:12)
  10 komodo dragons
  A freezing wraith (Vaults:1)
  A yaktaur (Vaults:1)
  A tengu conjurer (D:15)
  2 anaconda simulacra (IceCv)
  A guardian mummy (D:10)
  11 ice devils (IceCv)
  5 trolls
  A jumping spider (shapeshifter) (D:14)
  A polar bear (Lair:2)
  10 merfolk
  A meliai (shapeshifter) (D:14)
  4 wind drakes
  A hornet (shapeshifter) (D:15)
  2 hornets
  2 snapping turtles (Shoals:2)
  3 blink frogs (Lair:6)
  A blink frog (shapeshifter) (D:15)
  16 slime creatures
  A meliai zombie (D:14)
  A centaur simulacrum (D:14)
  3 shadows
  6 wraiths
  56 yaks
  2 vampires
  8 wyverns
  A dire elephant simulacrum (IceCv)
  A steam dragon (D:10)
  4 water elementals
  3 basilisks
  Grum (D:10)
  2 human simulacra (Vaults:1)
  Menkaure (D:7)
  3 harpy simulacra (IceCv)
  53 nagas
  18 water moccasins
  5 wargs
  3 acid dragons
  2 hydra simulacra (IceCv)
  Duvessa (D:7)
  29 orc warriors
  4 ice beasts
  2 ettin simulacra (IceCv)
  2 sky beasts
  A black bear (Lair:3)
  2 necrophages
  7 phantoms
  8 wolves
  13 centaurs
  An eye of draining (D:11)
  5 ogres
  A lemure (D:9)
  2 big kobolds
  A wyvern zombie (D:14)
  26 bullfrogs
  Dowan (D:7)
  A water moccasin skeleton (D:6)
  5 scorpions
  15 wights
  An electric eel (D:14)
  6 howler monkeys
  A bullfrog zombie (D:13)
  A centaur zombie (D:12)
  8 orc priests
  6 hounds
  12 jellies
  4 bullfrog skeletons
  A gnoll shaman (Orc:2)
  5 iguanas
  18 orc wizards
  4 worker ants
  2 hound zombies
  3 hound skeletons
  A mummy (D:5)
  2 howler monkey zombies
  A worker ant zombie (D:5)
  Robin (D:2)
  13 gnolls
  A howler monkey skeleton (D:9)
  13 adders
  A shadow imp (D:5)
  3 white imps
  5 ufetubi
  4 oozes
  An adder zombie (D:9)
  3 adder skeletons
  3 worms
  3 leopard geckos
  72 orcs
  2 giant cockroaches
  15 goblins
  12 hobgoblins
  15 jackals
  2 quokkas (D:12)
  A ball python (D:4)
  7 bats
  10 frilled lizards
  22 kobolds
  A leopard gecko skeleton (D:7)
  7 rats
1053 creatures vanquished.

Vanquished Creatures (collateral kills)
  A tengu reaver (Vaults:2)
  2 nagas (Snake:4)
  A big kobold (D:7)
  3 wights (D:7)
  A worker ant (D:7)
  2 kobolds (D:7)
10 creatures vanquished.

Vanquished Creatures (others)
  A shadow wraith (D:14)
  48 fungi
  49 plants
98 creatures vanquished.

Grand Total: 1161 creatures vanquished

Notes
Turn   | Place    | Note
-------+----------+-------------------------------------------
     0 | D:1      | TwistedFlax the Gargoyle Berserker began the quest for the
                  | Orb.
     0 | D:1      | Reached XP level 1. HP: 14/14 MP: 1/1
    54 | D:1      | Reached XP level 2. HP: 7/19 MP: 2/2
   984 | D:2      | Noticed Robin
   985 | D:2      | Reached XP level 3. HP: 22/23 MP: 3/3
   999 | D:2      | Killed Robin
  1218 | D:2      | Found a blossoming altar of Fedhas.
  1297 | D:2      | Reached XP level 4. HP: 21/28 MP: 4/4
  1416 | D:2      | Reached ** piety under Trog
  1431 | D:2      | Reached skill level 5 in Maces & Flails
  2295 | D:3      | Reached XP level 5. HP: 32/32 MP: 5/5
  3016 | D:3      | Reached XP level 6. HP: 26/37 MP: 6/6
  3505 | D:3      | Reached *** piety under Trog
  4413 | D:4      | Found Zoshonogro's Book Shop.
  4711 | D:4      | Found a shimmering blue altar of Sif Muna.
  4842 | D:5      | Entered Level 5 of the Dungeon
  4875 | D:5      | Reached XP level 7. HP: 35/41 MP: 7/7
  5490 | D:5      | Reached XP level 8. HP: 25/46 MP: 8/8
  5791 | D:5      | Reached skill level 10 in Maces & Flails
  6395 | D:6      | Reached **** piety under Trog
  6550 | D:6      | Reached XP level 9. HP: 51/51 MP: 9/9
  6561 | D:6      | Found an ornate altar of the Wu Jian Council.
  6863 | D:6      | Found a broken altar of Ashenzari.
  7369 | D:7      | Found a snail-covered altar of Cheibriados.
  7372 | D:7      | Noticed Duvessa
  7372 | D:7      | Noticed Dowan
  7380 | D:7      | Killed Duvessa
  7388 | D:7      | Killed Dowan
  7506 | D:7      | Noticed Menkaure
  7512 | D:7      | Killed Menkaure
  7740 | D:7      | Reached ***** piety under Trog
  7814 | D:7      | Found Doimneki's Book Shoppe.
  7898 | D:7      | Found a staircase to the Ecumenical Temple.
  8280 | D:8      | Reached XP level 10. HP: 56/56 MP: 10/10
  8358 | D:8      | Found a sacrificial altar of Ru.
  8359 | D:8      | Noticed a two-headed ogre
  8369 | D:8      | Killed a two-headed ogre
  8370 | D:8      | Reached skill level 4 in Fighting
  8707 | D:8      | Reached skill level 5 in Fighting
  9029 | D:8      | Identified a scroll of acquirement
  9029 | D:8      | Acquired an uncursed ring of see invisible
  9147 | D:9      | Acquired a manual of Armour
  9191 | D:9      | Found a staircase to the Orcish Mines.
  9209 | D:9      | Reached skill level 6 in Fighting
  9382 | D:9      | Found a staircase to the Lair.
  9401 | D:9      | Reached skill level 7 in Fighting
  9585 | D:9      | Noticed Pikel
  9602 | D:9      | Killed Pikel
  9603 | D:9      | Reached skill level 8 in Fighting
  9689 | D:9      | Found Votostru's Armour Boutique.
  9809 | D:9      | Found a hazy altar of Hepliaklqana.
 10084 | Lair:1   | Entered Level 1 of the Lair of Beasts
 10140 | Lair:1   | Reached skill level 9 in Fighting
 10143 | Lair:1   | Reached XP level 11. HP: 68/71 MP: 11/11
 10740 | Lair:2   | Reached skill level 10 in Fighting
 10799 | Lair:2   | Reached ****** piety under Trog
 10954 | Lair:2   | Found a staircase to the Snake Pit.
 11024 | Lair:2   | Reached skill level 11 in Fighting
 11062 | Lair:2   | Reached skill level 12 in Fighting
 11209 | Lair:2   | Found a staircase to the Shoals.
 11601 | Lair:2   | Received a gift from Trog
 11956 | Lair:3   | Reached skill level 13 in Fighting
 12128 | Lair:3   | Reached XP level 12. HP: 64/84 MP: 4/12
 12415 | Lair:3   | Reached skill level 14 in Fighting
 12430 | Lair:3   | Reached skill level 5 in Armour
 12979 | Lair:3   | Got a jewelled ring mail
 12990 | Lair:3   | Identified the +2 ring mail of a wizard's laboratory
                  | {*Contam Harm rElec Int+3} (You found it on level 3 of the
                  | Lair of Beasts)
 12999 | Lair:3   | Gained mutation: Your magical capacity is low. (-10% MP)
                  | [mutagenic glow]
 13238 | Lair:4   | Noticed a six-headed hydra
 13253 | Lair:4   | Killed a six-headed hydra
 13322 | Lair:4   | Noticed an eight-headed hydra
 13332 | Lair:4   | Killed an eight-headed hydra
 13339 | Lair:4   | Reached skill level 10 in Armour
 13387 | Lair:4   | Noticed a catoblepas
 13399 | Lair:4   | Killed a catoblepas
 13674 | Lair:4   | Noticed a seven-headed hydra
 13688 | Lair:4   | Killed a seven-headed hydra
 13883 | Lair:4   | Noticed a catoblepas
 13892 | Lair:4   | Killed a catoblepas
 14329 | Lair:5   | Noticed a seven-headed hydra
 14339 | Lair:5   | Killed a seven-headed hydra
 14763 | Lair:5   | Noticed an eight-headed hydra
 14770 | Lair:5   | Killed an eight-headed hydra
 14771 | Lair:5   | Reached XP level 13. HP: 90/90 MP: 3/11
 14902 | Lair:5   | Received a gift from Trog
 15031 | Lair:5   | Reached skill level 1 in Shields
 15306 | Lair:5   | Reached skill level 15 in Fighting
 15543 | Lair:5   | Acquired a manual of Dodging
 15563 | Lair:6   | Entered Level 6 of the Lair of Beasts
 15571 | Lair:6   | Found a staircase to the Slime Pits.
 15807 | Lair:6   | Reached skill level 5 in Shields
 16412 | Lair:6   | Noticed a dire elephant
 16412 | Lair:6   | Noticed a dire elephant
 16417 | Lair:6   | Killed a dire elephant
 16425 | Lair:6   | Killed a dire elephant
 16542 | Lair:6   | Noticed a dire elephant
 16548 | Lair:6   | Killed a dire elephant
 16800 | Lair:6   | Received a gift from Trog
 16801 | Lair:6   | Reached skill level 10 in Shields
 16801 | Lair:6   | Gained mutation: Your large and strong wings let you fly
                  | indefinitely. [Gargoyle growth]
 16801 | Lair:6   | Reached XP level 14. HP: 94/98 MP: 12/12
 17178 | Lair:6   | Noticed a dire elephant
 17191 | Lair:6   | Killed a dire elephant
 17451 | Orc:1    | Entered Level 1 of the Orcish Mines
 17624 | Orc:1    | Found a roughly hewn altar of Beogh.
 17835 | Orc:2    | Entered Level 2 of the Orcish Mines
 17835 | Orc:2    | Found a staircase to the Elven Halls.
 18409 | Orc:2    | Noticed an orc warlord
 18549 | Orc:1    | Killed an orc warlord
 18777 | Orc:2    | Paralysed by an orc sorcerer for 2 turns
 18784 | Orc:2    | Noticed Snorg
 18795 | Orc:2    | Killed Snorg
 19377 | Orc:2    | Found Xoenicich's Book Boutique.
 19400 | Orc:2    | Found a runed translucent gate.
 19400 | Orc:2    | Noticed XxsatanxX's ghost (journeyman MiBe)
 19401 | Orc:2    | Found a runed translucent gate.
 19402 | Orc:2    | Found a roughly hewn altar of Beogh.
 19402 | Orc:2    | Found a runed translucent gate.
 19409 | Orc:2    | Identified the ring of Sin {MP+9 Slay-4 SInv Stlth+}
 19445 | Orc:2    | Found Pasie's Antique Weapon Boutique.
 19537 | Orc:2    | Found Bucea's General Store.
 19569 | Orc:2    | Bought a scroll of identify for 30 gold pieces
 19734 | Orc:2    | Found Leabol's Antique Armour Emporium.
 19970 | D:10     | Entered Level 10 of the Dungeon
 19979 | D:10     | Received a gift from Trog
 20679 | D:10     | Found a portal to a secret trove of treasure.
 20718 | D:10     | Noticed Grum
 20727 | D:10     | Killed Grum
 20996 | D:11     | Noticed Josephine
 21010 | D:11     | Killed Josephine
 21893 | D:11     | Reached skill level 15 in Shields
 21893 | D:11     | Reached XP level 15. HP: 103/103 MP: 13/13
 21894 | D:11     | Reached XP level 16. HP: 108/108 MP: 14/14
 22193 | D:12     | Found a runed translucent gate.
 22193 | D:12     | Found a runed translucent gate.
 22194 | D:12     | Found a runed translucent gate.
 22197 | D:12     | Noticed vvl's ghost (journeyman PaBe)
 22424 | D:12     | Reached XP level 17. HP: 114/114 MP: 15/15
 22816 | D:13     | Received a gift from Trog
 23120 | D:13     | Got a dazzling mace {god gift}
 23121 | D:13     | Identified the +10 mace of Bucofoath {vorpal, +Fly rC+ rN+}
                  | (Trog gifted it to you on level 13 of the Dungeon)
 23190 | D:14     | Reached skill level 16 in Fighting
 23193 | D:14     | Found a transporter.
 23197 | D:14     | Noticed Qymaymp's ghost (adept GrEE)
 23401 | D:14     | Found a transporter.
 23732 | D:14     | Found a gate to the Vaults.
 23748 | D:14     | Reached skill level 10 in Dodging
 24352 | D:15     | Entered Level 15 of the Dungeon
 24468 | D:15     | Received a gift from Trog
 24472 | D:15     | Got an iridescent mace {god gift}
 24473 | D:15     | Identified the +2 mace "Carhonaa" {vorpal, +Rage +Fly}
                  | (Trog gifted it to you on level 15 of the Dungeon)
 24879 | D:15     | Found a staircase to the Depths.
 24991 | D:15     | Reached skill level 17 in Fighting
 25693 | Snake:1  | Entered Level 1 of the Snake Pit
 25763 | Snake:1  | Found a frozen archway.
 25774 | IceCv    | Entered an ice cave
 26032 | IceCv    | Received a gift from Trog
 26824 | Snake:1  | Reached XP level 18. HP: 124/124 MP: 16/16
 27065 | Snake:1  | Reached skill level 18 in Fighting
 27734 | Snake:1  | Found Efienaomi's Gadget Shoppe.
 27734 | Snake:1  | Found Fucwext's Jewellery Boutique.
 27735 | Snake:1  | Found Nehut's Jewellery Boutique.
 27744 | Snake:1  | Bought the amulet of Hioceewno {Reflect Str+4 SH+5} for 544
                  | gold pieces
 27858 | Snake:2  | Reached skill level 15 in Armour
 27873 | Snake:2  | Received a gift from Trog
 27967 | Snake:2  | Found Jiossuisa's Jewellery Shoppe.
 27977 | Snake:2  | Bought the ring "Yrisi" {+Inv Str+6 Int+4 SInv Stlth-} for
                  | 1674 gold pieces
 28217 | Snake:2  | Found a runed translucent gate.
 28218 | Snake:2  | Found a runed translucent gate.
 28219 | Snake:2  | Found an opulent altar of Gozag.
 28219 | Snake:2  | Found a runed translucent gate.
 28222 | Snake:2  | Found Zeaz's Assorted Antiques.
 28224 | Snake:2  | Noticed Zonian's ghost (adept HOFi)
 28228 | Snake:2  | Found Apny's Assorted Antiques.
 29255 | Snake:3  | Found Lan Cepu's Weapon Emporium.
 29264 | Snake:3  | Found Caxtoib's Antique Armour Emporium.
 29264 | Snake:3  | Found Meyp's Antique Armour Shoppe.
 29269 | Snake:3  | Found Loshraism's Distillery.
 29492 | Snake:4  | Entered Level 4 of the Snake Pit
 29730 | Snake:4  | Received a gift from Trog
 29903 | Snake:4  | Noticed Vashnia
 29940 | Snake:4  | Killed Vashnia
 29941 | Snake:4  | Reached skill level 19 in Fighting
 29941 | Snake:4  | Reached XP level 19. HP: 100/132 MP: 8/17
 30613 | Snake:4  | Received a gift from Trog
 30681 | Snake:4  | Reached skill level 20 in Fighting
 30906 | Snake:4  | Got a serpentine rune of Zot
 31150 | Shoals:1 | Entered Level 1 of the Shoals
 31412 | Shoals:1 | Noticed Nikola
 31436 | Shoals:1 | Killed Nikola
 31612 | Shoals:1 | Received a gift from Trog
 31813 | Shoals:1 | You are sucked into a shaft and drop 1 floor!
 32851 | Shoals:3 | Noticed Mara
 32882 | Shoals:3 | Noticed TwistedFlax's illusion
 32895 | Shoals:3 | Noticed TwistedFlax's illusion
 32900 | Shoals:3 | Killed Mara
 33292 | Shoals:3 | Noticed Ilsuiw
 33313 | Shoals:3 | Killed Ilsuiw
 33314 | Shoals:3 | Reached skill level 21 in Fighting
 33925 | Shoals:4 | Entered Level 4 of the Shoals
 33944 | Shoals:4 | Received a gift from Trog
 34004 | Shoals:4 | Reached XP level 20. HP: 137/144 MP: 18/18
 34128 | Shoals:4 | Got a barnacled rune of Zot
 34547 | Vaults:1 | Entered Level 1 of the Vaults
 34913 | Vaults:1 | Noticed a Brimstone Fiend
 34932 | Vaults:1 | Received a gift from Trog
 35826 | Vaults:2 | Noticed Asterion
 35839 | Vaults:2 | Killed Asterion
 36051 | Vaults:2 | Noticed Sojobo
 36055 | Vaults:2 | Killed from afar by Sojobo

Illustrated notes

Levels and vault maps discovered:
D:1:      minmay_arrival_stone_box, layout_loops_cross
D:2:      layout_loops_ring, lemuel_crystal_altar, uniq_robin
D:3:      layout_basic, minmay_goblin_outpost
D:4:      layout_cave_pools, lemuel_blue_sif_altar, serial_shops, shop
D:5:      layout_basic, gup_ossuary_entry_pyramid, lightli_corner_chamber
D:6:      minmay_clustersquares, layout_cave_pools, marbit_many_paths,
          nicolae_overflow_hidden_temple, nicolae_lava_and_water,
          minmay_misc_feat_plants, minmay_fractal_squares_diagonal_5
D:7:      layout_basic, minmay_temple_entry_trees, basic_altar, serial_shops,
          shop, corexii_leaking_fountain, uniq_menkaure, uniq_duvessa
D:8:      layout_rooms, nicolae_ru_awakened_eye
D:9:      layout_loops_ring, kennysheep_mini, lair_entry_dummy, david_orc_3,
          serial_shops, shop, minmay_door_square, uniq_pikel
D:10:     layout_loops_corners, nicolae_trove_entry_path_of_doom, uniq_grum
D:11:     layout_irregular_city, uniq_josephine
D:12:     layout_long_grid, ebering_ghost_rock_garden
D:13:     layout_basic
D:14:     minmay_chambers_of_sevens, layout_irregular_city,
          skrybe_vaults_entry_preservation, minivault_14,
          gammafunk_ghost_stat_death
D:15:     gammafunk_enter_depths_forms, layout_basic, minmay_misc_feat_ornament
Lair:1:   layout_long_grid
Lair:2:   layout_hall_layers, minmay_shoals_entry_lonely_mermaid,
          minmay_snake_entry_guardpost_medium
Lair:3:   layout_small_grid, grunt_megastairs_5
Lair:4:   layout_regular_city, minivault_27, grunt_megastairs_4
Lair:5:   layout_long_grid, infiniplex_staircase_pool_2
Lair:6:   due_jungle_book, layout_regular_city, nicolae_slime_entry_slimehenge,
          infiniplex_staircase_pool
Shoals:1: layout_shoals, uniq_nikola
Shoals:2: layout_shoals
Shoals:3: layout_shoals, uniq_mara, uniq_ilsuiw
Shoals:4: shoals_end_grunt_ice, layout_shoals
Snake:1:  layout_cave_pods, portal_ice_cave_entry_pillars_1, st_stairs_14,
          grunt_ministairs_2, minmay_shop_grove, grunt_megastairs_2
Snake:2:  nicolae_sea_snake_s, layout_grid_shapes, ebering_ghost_gozag,
          serial_shops, shop
Snake:3:  layout_gridlike, st_stairs_13, minmay_shoptagon, lemuel_fruit_tree
Snake:4:  grunt_snake_rune_pools, layout_cave_town, serial_shops, shop,
          st_stairs_8, drop_trap, nicolae_snake_horde_hoard, uniq_vashnia
Orc:1:    layout_caves, basic_altar
Orc:2:    grunt_orc_gardens, layout_caves, grunt_orc_garden, grunt_orc_garden,
          grunt_orc_garden, grunt_orc_garden, biasface_ghost_orc_armoury,
          uniq_snorg
Vaults:1: vaults_room_stairs_pillars, st_quartered_hall, v_pattern_2,
          layout_vaults_big_room
Vaults:2: blue_anna_dwarven_crypt, nicolae_vaults_angled_halls,
          hangedman_vaults_stitches, vaults_mumra_minichess, v_misc_16,
          vaults_dpeg_doors, serial_ice_b, hangedman_vaults_maws, v_misc_33,
          nicolae_vaults_little_ls, hangedman_vaults_slice,
          nicolae_vaults_shelves_hall, layout_vaults_omnicross, serial_shops,
          nicolae_shop_competitors_out_of_business, uniq_sojobo, uniq_asterion,
          uniq_donald

Skill      XL: |  1  2  3  4  5  6  7  8  9 10 11 12 13 14 15 16 17 18 19 20 |
---------------+-------------------------------------------------------------+-----
Maces & Flails | 4 5 6 7 9 11 13 14 | 14.0
Fighting       | 9 13 14 15 17 19 21 | 21.0
Armour         | 14 17 18 19 | 19.5
Shields        | 10 15 | 15.1
Dodging        | 7 8 12 13 14 | 14.0

Action                   |  1- 3 |  4- 6 |  7- 9 | 10-12 | 13-15 | 16-18 | 19-21 || total
-------------------------+-------+-------+-------+-------+-------+-------+-------++-------
Melee: Mace              |   129 |   179 |       |       |       |       |       ||   308
       Flail             |       |    27 |   353 |       |       |       |       ||   380
       Dire flail        |       |       |     4 |   623 |    59 |       |       ||   686
       Eveningstar       |       |       |       |       |   567 |  1038 |   736 ||  2341
Invok: Berserk           |       |     3 |     3 |    11 |     9 |     7 |     1 ||    34
       Brothers in Arms  |       |       |     1 |       |       |     1 |     1 ||     3
       Trog's Hand       |       |       |     1 |       |       |       |     1 ||     2
 Abil: Fly               |       |       |       |       |       |       |     1 ||     1
  Use: Scroll            |     2 |    12 |     6 |    13 |    14 |     8 |     4 ||    59
       Potion            |       |       |       |       |     2 |       |     1 ||     3
 Stab: Petrified         |       |       |       |       |     2 |       |       ||     2
       Petrifying        |       |       |       |       |     1 |       |       ||     1
Armor: Animal skin       |    50 |    79 |       |       |       |       |       ||   129
       Ring mail         |       |     9 |   200 |    45 |       |       |       ||   254
       Plate armour      |       |       |       |   298 |   386 |   409 |   248 ||  1341
Dodge: Dodged            |   100 |   113 |   161 |   171 |   194 |   388 |   227 ||  1354
Block: Kite shield       |       |       |       |       |   281 |   898 |   677 ||  1856
       Reflection        |       |       |       |       |       |    84 |    88 ||   172
